[Event "6th Tulsi Lal Memorial NTCC 2080"]
[Site "Lalitpur"]
[Date "2024.01.10"]
[Round "5.2"]
[White "Chaudhary, Sushil"]
[Black "Dahal, Sushrut"]
[Result "1/2-1/2"]
[ECO "B20"]
[WhiteElo "1769"]
[BlackElo "1895"]
[Annotator "NA RC COMBH"]
[PlyCount "117"]
[EventDate "2024.01.03"]
[EventType "team-tourn"]
[EventCountry "NEP"]
[SourceTitle "playchess.com"]
[Source "ChessBase"]
[SourceQuality "1"]
[TimeControl "5400+30"]

1. e4 c5 2. Bc4 e6 3. Nc3 a6 4. d3 b5 5. Bb3 Bb7 6. a4 b4 7. Nce2 d5 8. Ng3 dxe4 9. dxe4 Qxd1+ 10. Kxd1 Nf6 11. f3 Nc6 12. Be3 O-O-O+ 13. Ke2 h5 14. Nh3 h4 15. Nf1 Nh7 16. Nd2 Be7 (16... Nd4+ $11 17. Bxd4 cxd4) 17. Rhd1 Nd4+ 18. Bxd4 cxd4 19. Nc4 Kc7 20. Ne5 (20. Rd3 $5 ) 20... Rhf8 21. Nf4 Bd6 22. Nfd3 f5 23. exf5 Rxf5 24. f4 Bxe5 25. fxe5 Ng5 26. Rf1 Bxg2 27. Rxf5 exf5 28. Rg1 {[%emt 0:00:46] [#]} h3 $1 ({And not} 28... Bf3+ 29. Kd2 Bg4 30. Kc1 $17) 29. Nf4 Bf3+ 30. Kd3 Bg4 31. Rg3 $2 (31. Bd5 $1 $14) 31... Kc6 $17 32. e6 Kc5 33. Bc4 Ne4 34. Rxg4 Nf2+ 35. Ke2 Nxg4 36. Bxa6 Ne5 37. Nxh3 Kd6 38. Ng5 Ke7 39. Bb7 Nc4 40. b3 Na5 41. Ba6 Kf6 42. h4 Rh8 43. Nf7 Rxh4 44. Bc8 g5 45. Nd6 Rh8 46. Bd7 f4 47. Ne4+ Ke7 48. Nxg5 Nb7 49. Kf3 Nc5 50. Bc6 Nxe6 51. Nxe6 Kxe6 52. a5 Kd6 53. Be4 Kc5 54. Bd3 Rf8 55. a6 Kb6 56. Bc4 Rc8 57. Bd3 Rf8 58. Bc4 Rc8 59. Ke4 1/2-1/2

[Event "6th Tulsi Lal Memorial NTCC 2080"]
[Site "Lalitpur"]
[Date "2024.01.10"]
[Round "5.3"]
[White "Shrestha, Muhan Narshing"]
[Black "Subba, Shem"]
[Result "1-0"]
[ECO "B11"]
[WhiteElo "1693"]
[BlackElo "1658"]
[Annotator "NA RC COMBH"]
[PlyCount "85"]
[EventDate "2024.01.03"]
[EventType "team-tourn"]
[EventCountry "NEP"]
[SourceTitle "playchess.com"]
[Source "ChessBase"]
[SourceQuality "1"]
[TimeControl "5400+30"]

1. e4 c6 2. Nc3 d5 3. Nf3 a6 4. d4 Bg4 5. e5 e6 6. Be3 Nd7 7. Be2 Ne7 8. O-O c5 9. dxc5 Nf5 10. Bf4 Bxc5 11. h3 Bxf3 12. Bxf3 Rc8 13. Bg4 Nh4 14. Re1 O-O 15. Qd3 Ng6 16. Bg3 b5 17. a3 Qg5 18. b4 Ndxe5 19. Bxe5 Nxe5 20. Qg3 Nxg4 21. bxc5 Rxc5 22. hxg4 h5 23. Ne2 Rxc2 24. Nd4 Rc4 25. Nf3 Qxg4 26. Qd6 Rf4 27. Ne5 Qf5 28. Nc6 Re8 29. Ne7+ Rxe7 30. Qxe7 h4 31. Re3 g5 32. Rf1 d4 33. Rh3 e5 34. f3 d3 35. Re1 Rc4 36. Qd8+ Kg7 37. Rd1 Rd4 38. Qa5 Ra4 39. Qc3 Qf4 40. Rxd3 Rc4 41. Qd2 Rc1+ 42. Kf2 Qc4 43. Qxg5+ 1-0

[Event "6th Tulsi Lal Memorial NTCC 2080"]
[Site "Lalitpur"]
[Date "2024.01.10"]
[Round "5.4"]
[White "Shah, Anup Jung"]
[Black "Lohani, Sujana"]
[Result "1/2-1/2"]
[ECO "C55"]
[WhiteElo "1513"]
[BlackElo "1756"]
[Annotator "NA RC COMBH"]
[PlyCount "93"]
[EventDate "2024.01.03"]
[EventType "team-tourn"]
[EventCountry "NEP"]
[SourceTitle "playchess.com"]
[Source "ChessBase"]
[SourceQuality "1"]
[TimeControl "5400+30"]

1. e4 g6 2. Nf3 Bg7 3. Bc4 d6 4. d3 Nf6 5. O-O O-O 6. Nc3 Nc6 7. h3 e5 8. Be3 Be6 9. Bb3 h6 10. Qd2 Kh7 11. Ne2 d5 12. exd5 Bxd5 13. Nh2 Qe7 14. Rfe1 Bxb3 15. axb3 Nd5 16. Nc3 Nxe3 17. Qxe3 Qd7 18. Qc5 Rad8 19. Nf3 Rfe8 20. Rad1 a6 21. Qc4 f5 22. b4 b5 23. Qb3 Qd6 24. Na2 Nd4 25. Nxd4 exd4 26. Qf7 Rf8 27. Qe7 Rf6 28. Qxd6 Rfxd6 29. Re7 R8d7 30. Rde1 Kg8 31. Rxd7 Rxd7 32. Re8+ Kf7 33. Ra8 Rd6 34. Kf1 Rc6 35. c3 dxc3 36. bxc3 Bxc3 37. Nxc3 Rxc3 38. Rxa6 Rxd3 39. Rc6 Rd4 40. Rxc7+ Kf6 41. Rc6+ Kg5 42. Rc5 Rxb4 43. g4 h5 44. gxf5 gxf5 45. Kg2 Rb3 46. Rc8 Kf4 47. Rh8 1/2-1/2

[Event "6th Tulsi Lal Memorial NTCC 2080"]
[Site "Lalitpur"]
[Date "2024.01.10"]
[Round "5.5"]
[White "Silwal, Purushottam"]
[Black "Subedi, Rajan"]
[Result "1/2-1/2"]
[ECO "C42"]
[WhiteElo "1831"]
[BlackElo "1809"]
[Annotator "NA RC COMBH"]
[PlyCount "155"]
[EventDate "2024.01.03"]
[EventType "team-tourn"]
[EventCountry "NEP"]
[SourceTitle "playchess.com"]
[Source "ChessBase"]
[SourceQuality "1"]
[TimeControl "5400+30"]

1. e4 e5 2. Nf3 Nf6 3. Nxe5 d6 4. Nf3 Nxe4 5. Nc3 Nf6 6. d4 d5 7. Be2 Be7 8. O-O O-O 9. Bf4 Bf5 10. Ne5 c6 11. Bf3 Nbd7 12. Re1 h6 13. Qd2 Re8 14. a3 Bf8 15. Re2 Nxe5 16. Bxe5 Nd7 17. Bg3 Qf6 18. Rae1 Be6 19. Bg4 Re7 20. Bd6 Ree8 21. Bxe6 Rxe6 22. Rxe6 fxe6 23. Bxf8 Rxf8 24. Qe3 Re8 25. f4 Qf5 26. Re2 Nf6 27. h3 h5 28. Qe5 Qxe5 29. Rxe5 g6 30. Kf2 Kf7 31. Kf3 Nd7 32. Re1 a6 33. Ne2 c5 34. Ke3 b6 35. c3 Nf6 36. Ng1 cxd4+ 37. Kxd4 Rc8 38. Nf3 Rc4+ 39. Kd3 Rxf4 40. Ng5+ Kg8 41. Rxe6 Nd7 42. Rxg6+ Kh8 43. Rh6+ Kg8 44. Nf3 Nc5+ 45. Kd2 Nd7 46. Rd6 Rf7 47. Rxd5 Nf6 48. Rd8+ Kg7 49. Kd3 Re7 50. Rd6 Nd7 51. b4 Kf7 52. Ng5+ Kg7 53. Re6 Rxe6 54. Nxe6+ Kf6 55. Nc7 h4 56. Nxa6 Ke5 57. Ke3 Kd5 58. Nc7+ Kc4 59. Kd2 Nf6 60. a4 Ne4+ 61. Kc2 Nxc3 62. a5 $18 Na2 63. axb6 Nxb4+ 64. Kd2 Nc6 65. b7 Nb8 66. Ke3 Kc5 67. Kf4 Kc6 68. Ne6 Kxb7 69. Kg4 Kc6 70. Kxh4 Kd6 71. Ng7 Ke7 72. Kg5 Kf7 73. Kh6 Kg8 74. g4 Nd7 75. g5 Ne5 76. g6 Kh8 77. Nh5 Nf7+ 78. gxf7 1/2-1/2

[Event "6th Tulsi Lal Memorial NTCC 2080"]
[Site "Lalitpur"]
[Date "2024.01.10"]
[Round "5.6"]
[White "Byanjankar, Ratna"]
[Black "Kachhepati, Rajesh"]
[Result "*"]
[ECO "D15"]
[WhiteElo "1739"]
[BlackElo "1747"]
[Annotator "NA RC COMBH"]
[PlyCount "49"]
[EventDate "2024.01.03"]
[EventType "team-tourn"]
[EventCountry "NEP"]
[SourceTitle "playchess.com"]
[Source "ChessBase"]
[SourceQuality "1"]
[TimeControl "5400+30"]

1. d4 d5 2. c4 c6 3. Nc3 Nf6 4. Nf3 Bf5 5. cxd5 Nxd5 6. g3 e6 7. Bg2 Bb4 8. Bd2 Nd7 9. O-O Bxc3 10. bxc3 Be4 11. c4 Ne7 12. Bb4 O-O 13. Qb3 Re8 14. Bxe7 Rxe7 15. Qxb7 Ne5 16. Qb4 Nxf3+ 17. exf3 Bg6 18. f4 Rb8 19. Qc5 Rc7 20. Qe5 Rb4 21. Qc5 Qb8 22. Rfd1 h6 23. Bxc6 Bc2 24. Rdc1 Be4 25. d5 *

[Event "6th Tulsi Lal Memorial NTCC 2080"]
[Site "Lalitpur"]
[Date "2024.01.10"]
[Round "5.6"]
[White "Byanjankar, Ratna"]
[Black "Chokami, Bikram"]
[Result "1-0"]
[ECO "D15"]
[WhiteElo "1739"]
[BlackElo "1808"]
[Annotator "NA RC COMBH"]
[PlyCount "119"]
[EventDate "2024.01.03"]
[EventType "team-tourn"]
[EventCountry "NEP"]
[SourceTitle "playchess.com"]
[Source "ChessBase"]
[SourceQuality "1"]
[TimeControl "5400+30"]

1. d4 d5 2. c4 c6 3. Nc3 Nf6 4. Nf3 Bf5 5. cxd5 Nxd5 6. g3 e6 7. Bg2 Bb4 8. Bd2 Nd7 9. O-O Bxc3 10. bxc3 Be4 11. c4 Ne7 12. Bb4 O-O 13. Qb3 Re8 14. Bxe7 Rxe7 15. Qxb7 Ne5 16. Qb4 Nxf3+ 17. exf3 Bg6 18. f4 Rb8 19. Qc5 Rc7 20. Qe5 Rb4 21. Qc5 Qb8 22. Rfd1 h6 23. Bxc6 Bc2 24. Rdc1 Be4 25. d5 Rb2 26. Qd4 f5 27. Qe3 Kh7 28. f3 Bc2 29. Qd4 Qb4 30. a3 Qb3 31. Ba4 Qxa4 32. Qxb2 Rxc4 33. dxe6 Qc6 34. e7 Qc5+ 35. Kh1 Ba4 36. Rxc4 Qxc4 37. Re1 Be8 38. Qe5 Qd3 39. Qe3 Qd5 40. Kg2 a5 41. g4 Kg6 42. Qe6+ Qxe6 43. Rxe6+ Kf7 44. Re5 fxg4 45. fxg4 a4 46. g5 hxg5 47. fxg5 Bd7 48. h4 g6 49. Kg3 Bc6 50. Kf4 Bd7 51. h5 Be8 52. h6 Kg8 53. Re3 Kf7 54. Rh3 Kg8 55. Ke5 Bd7 56. Kf6 Kh7 57. Kf7 Bxh3 58. e8=Q Be6+ 59. Kf6 Bb3 60. Qe7+ 1-0

[Event "6th Tulsi Lal Memorial NTCC 2080"]
[Site "Lalitpur"]
[Date "2024.01.10"]
[Round "5.7"]
[White "Duwal, Swornim"]
[Black "Thapa, Rishon"]
[Result "0-1"]
[ECO "A70"]
[WhiteElo "1390"]
[BlackElo "1738"]
[Annotator "NA RC COMBH"]
[PlyCount "80"]
[EventDate "2024.01.03"]
[EventType "team-tourn"]
[EventCountry "NEP"]
[SourceTitle "playchess.com"]
[Source "ChessBase"]
[SourceQuality "1"]
[TimeControl "5400+30"]

1. d4 Nf6 2. c4 c5 3. d5 e6 4. Nc3 exd5 5. cxd5 d6 6. e4 g6 7. Nf3 Bg7 8. Bf4 O-O 9. h3 Re8 10. Bd3 c4 11. Bc2 b5 12. Nxb5 Qa5+ 13. Nc3 Nxd5 14. Bd2 Nxc3 15. bxc3 Bxc3 16. O-O Bxd2 17. Qxd2 Qxd2 18. Nxd2 Ba6 19. Nf3 Nc6 20. Rfd1 Red8 21. Rab1 Rac8 22. Rd5 c3 23. Nd4 Bc4 24. Nxc6 Rxc6 25. Ra5 Ra6 26. Rxa6 Bxa6 27. Bb3 Kg7 28. f3 f5 29. exf5 gxf5 30. Rc1 Rc8 31. f4 Bb7 32. Kf2 Be4 33. g3 d5 34. Ke3 a5 35. a4 h5 36. h4 Kf6 37. Kd4 c2 38. Ba2 Rb8 39. Kc3 Rb1 40. Kd2 Rb2 0-1

[Event "6th Tulsi Lal Memorial NTCC 2080"]
[Site "Lalitpur"]
[Date "2024.01.10"]
[Round "5.8"]
[White "Demanraura, Ayush"]
[Black "Shah, Abheek"]
[Result "1/2-1/2"]
[ECO "E64"]
[WhiteElo "1410"]
[BlackElo "1543"]
[Annotator "NA RC COMBH"]
[PlyCount "116"]
[EventDate "2024.01.03"]
[EventType "team-tourn"]
[EventCountry "NEP"]
[SourceTitle "playchess.com"]
[Source "ChessBase"]
[SourceQuality "1"]
[TimeControl "5400+30"]

1. d4 Nf6 2. Nf3 g6 3. g3 Bg7 4. Bg2 O-O 5. c4 d6 6. Nc3 c5 7. e3 Re8 8. O-O Nc6 9. a3 Bd7 10. dxc5 dxc5 11. Qe2 Qc8 12. Bd2 Bh3 13. Rad1 Bxg2 14. Kxg2 e5 15. Nb5 Ne4 16. Bc1 a6 17. Nd6 Nxd6 18. Rxd6 e4 19. Ng5 Qc7 20. Rfd1 Qe7 21. h4 Rad8 22. Rxd8 Rxd8 23. Rxd8+ Nxd8 24. Qc2 f5 25. Bd2 Ne6 26. Nxe6 Qxe6 27. Bc3 Qxc4 28. Qd2 Qd3 29. Qc1 Bxc3 30. bxc3 b5 31. Qb2 Qd5 32. a4 Qc4 33. axb5 Qxb5 34. Qd2 Qc6 35. Qd8+ Kf7 36. Qh8 h5 37. Qh7+ Kf6 38. Qg8 Qd6 39. Qh8+ Ke6 40. c4 a5 41. Qe8+ Kf6 42. Qb5 Qc7 43. Qa6+ Kf7 44. Kg1 Kg7 45. Kg2 Qf7 46. Kg1 Kf8 47. Qc8+ Kg7 48. Qxc5 a4 49. Qb4 Qa7 50. Qa3 Kf7 51. c5 Qa6 52. Kg2 Qc4 53. Kg1 Qb3 54. Qc1 a3 55. c6 a2 56. c7 Qb1 57. c8=Q a1=Q 58. Qxb1 Qxb1+ 1/2-1/2

[Event "6th Tulsi Lal Memorial NTCC 2080"]
[Site "Lalitpur"]
[Date "2024.01.11"]
[Round "6.1"]
[White "Thapa, Krishna"]
[Black "Jaiswal, Rupesh"]
[Result "0-1"]
[ECO "A39"]
[WhiteElo "1944"]
[BlackElo "2009"]
[Annotator "TA"]
[PlyCount "88"]
[EventDate "2024.01.03"]
[EventType "team-tourn"]
[EventCountry "NEP"]
[SourceTitle "playchess.com"]
[Source "ChessBase"]
[SourceQuality "1"]
[TimeControl "5400+30"]

1. d4 Nf6 2. Nf3 g6 3. g3 Bg7 4. c4 O-O 5. Bg2 d6 6. Nc3 c5 7. O-O Nc6 8. e4 cxd4 9. Nxd4 Nxd4 10. Qxd4 Be6 11. Qd3 Rc8 12. Nd5 (12. b3 {vereinfacht} d5 13. exd5 Nxd5 14. Bxd5 Bxd5 15. Qxd5 Bxc3 16. Qxd8 Rfxd8 17. Rb1) 12... Ng4 {[%emt 0:08:17] Die Stellung ist ausgeglichen.} 13. Qb3 Qd7 14. Bg5 Rfe8 15. Rac1 Ne5 16. Rfd1 $1 b6 17. f4 Nc6 18. e5 h6 19. Bh4 g5 20. fxg5 Nxe5 21. Rf1 Ng6 (21... Rc5 $17 {...hxg5 ist eine echte Drohung.} 22. Qd1 b5 (22... Nxc4 23. gxh6 Bxb2 24. Rb1 $17) (22... Rxc4 23. Rxc4 Nxc4 24. gxh6 $16) 23. cxb5 Qxb5 24. Rxc5 Qxc5+ 25. Kh1 Ng6) 22. Qe3 (22. gxh6 $11 Bxh6 23. Rce1) 22... h5 $2 (22... Bxb2 $17 23. Rb1 Be5) 23. b3 $11 b5 24. cxb5 Qxb5 25. Nc7 Rxc7 26. Rxc7 Qb4 (26... d5 $1 $14) 27. Rb7 (27. Rxa7 $2 Bd4 $19) (27. Kh1 $1 $16) 27... Qg4 (27... Qd4 $11 28. Qxd4 Bxd4+ 29. Kh1 Rc8) 28. Qf3 (28. Rxa7 $2 Bd4 $19 (28... Nxh4 $2 29. Ra4 $19) (28... Nxh4 $2 29. Ra4 $19)) (28. Kh1 $14) 28... Bd4+ 29. Kh1 Rc8 30. Rb4 ({Besser ist} 30. Qd3 $11 Rc3 31. Qd2) 30... Qxf3 $15 31. Bxf3 Bb6 32. Re4 (32. Bxh5 $2 Rc1 33. Kg2 (33. Rxc1 $2 {führt zum Matt.} Bd5+) (33. Rxb6 $2 Rxf1+ 34. Kg2 Bh3+ 35. Kxh3 axb6 $19) 33... Rc2+ (33... Bd5+ $2 34. Bf3 $19) 34. Kh1 Ne5 $19 (34... Rxa2 $2 35. Rxb6 Bd5+ 36. Bf3 $19) (34... Bh3 $2 35. Rxb6 axb6 36. Re1 $19)) 32... Bd5 (32... Ne5 $1 $17 {Zielt auf ...Rc2 ab.} 33. g6 (33. Bxh5 $2 {zu gefräßig.} Bd5 $19) 33... f6) 33. Re2 $11 {[%emt 0:00:26] Wehrt Rc2 ab} Bxf3+ 34. Rxf3 d5 35. Kg2 e5 (35... Kg7 $11 {hält das Gleichgewicht.}) 36. Kh3 (36. Rd3 $16) 36... e4 37. Rf5 Rd8 {[%emt 0:00:37] Und ...e3 würde nun gewinnen.} 38. g4 $2 (38. a4 $11 {und Weiss steht sicher.}) 38... hxg4+ 39. Kxg4 Nxh4 ({Vorzuziehen ist} 39... e3 $19 {...Nxh4 wäre nun fies.} 40. Bg3 d4) 40. Kxh4 $19 {[%emt 0:00:01] [#] KRR-KRB} e3 $1 41. g6 {[%emt 0:00:44] [#]} f6 42. Rxf6 d4 43. Rf3 $2 (43. Re1 $17) 43... d3 44. Rfxe3 Bxe3 {[%emt 0:00:17] Gewichteter Fehlerwert: Weiß=0.75/Schwarz=0.24 (präzise) .  Verlustzug:     	Weiß=2     	---        Fehler:       	Weiß=5     	Schwarz=7     Ungenau:       	Weiß=2     	Schwarz=2     OK:         	Weiß=10    	Schwarz=13    Bester:       	Weiß=3     	Schwarz=3     Stark:        	Weiß=1     	Schwarz=1} (44... dxe2 $2 45. Rxe2 Kg7 46. Rg2 $19) 0-1

[Event "6th Tulsi Lal Memorial NTCC 2080"]
[Site "Lalitpur"]
[Date "2024.01.11"]
[Round "6.2"]
[White "Dahal, Sushrut"]
[Black "Das, Singhesor"]
[Result "1-0"]
[ECO "D00"]
[WhiteElo "1895"]
[BlackElo "1873"]
[Annotator "NA COMBH"]
[PlyCount "99"]
[EventDate "2024.01.03"]
[EventType "team-tourn"]
[EventCountry "NEP"]
[SourceTitle "playchess.com"]
[Source "ChessBase"]
[SourceQuality "1"]
[TimeControl "5400+30"]

1. d4 d5 2. Nc3 Nf6 3. Bf4 a6 4. e3 e6 5. g4 c5 6. g5 cxd4 7. exd4 Nfd7 8. a3 Nb6 9. Nf3 Bd6 10. Qd2 Qc7 11. Bxd6 Qxd6 12. Ne5 Nc6 13. f4 Bd7 14. Rg1 (14. O-O-O $16) 14... Qc7 15. Nxc6 Qxc6 16. Bd3 Nc4 17. Bxc4 Qxc4 18. O-O-O O-O-O 19. Rg3 Kb8 20. Kb1 Qc7 21. Qe3 g6 22. Rd2 b5 23. Na2 a5 24. Nc1 Kb7 25. Nd3 Kb6 26. Ne5 Be8 27. Qb3 a4 28. Qb4 Qd6 29. Qxd6+ Rxd6 30. Rh3 Kc7 31. Rdd3 Kb7 32. Rh6 Kb6 33. c3 Rf8 34. Ng4 b4 35. cxb4 Bb5 36. Rc3 f5 37. Ne5 Rdd8 38. Rxh7 Rh8 39. Rh6 Rhg8 40. Nxg6 Rc8 41. Ne5 Rge8 42. Rxe6+ Rxe6 43. Rxc8 Kb7 44. Rc3 Be8 45. h4 Bh5 46. Kc1 $18 Re8 47. g6 Rg8 48. Rg3 Rc8+ 49. Kd2 Rg8 50. Rg5 1-0

[Event "6th Tulsi Lal Memorial NTCC 2080"]
[Site "Lalitpur"]
[Date "2024.01.11"]
[Round "6.4"]
[White "Lohani, Sujana"]
[Black "Gautam, Anushna"]
[Result "0-1"]
[ECO "E18"]
[WhiteElo "1756"]
[BlackElo "1400"]
[Annotator "NA COMBH"]
[PlyCount "122"]
[EventDate "2024.01.03"]
[EventType "team-tourn"]
[EventCountry "NEP"]
[SourceTitle "playchess.com"]
[Source "ChessBase"]
[SourceQuality "1"]
[TimeControl "5400+30"]

1. d4 Nf6 2. Nf3 e6 3. g3 b6 4. Bg2 Bb7 5. O-O Be7 6. c4 O-O 7. Nc3 d5 8. cxd5 exd5 9. Bf4 c6 10. Rc1 Re8 11. Qc2 Na6 12. Rfd1 Nc7 13. Bxc7 Qxc7 14. Ne5 c5 15. e3 Rad8 16. Qf5 a6 17. h4 Bd6 18. Ng4 Nxg4 19. Qxg4 Bf8 20. dxc5 Bxc5 21. Bxd5 Rxe3 22. Kh2 Ree8 23. Qf3 Bxd5 24. Nxd5 Qd6 25. Kg2 h6 26. Rc3 Qe5 27. Rcd3 Rb8 28. R1d2 a5 29. Nc3 Rbc8 30. Rd7 Qe6 31. a3 Re7 32. Qb7 Qc6+ 33. Qxc6 Rxc6 34. Rd8+ Kh7 35. Nd5 Ree6 36. Rd7 f6 37. h5 Rcd6 38. Nf4 Rxd2 39. Rxd2 Rd6 40. Re2 Kg8 41. Ng6 Rd5 42. g4 Rg5 43. Kh3 f5 44. f3 fxg4+ 45. fxg4 Rd5 46. Nf4 Rd4 47. Ne6 Rd3+ 48. Kg2 Bd6 49. Re4 Rd2+ 50. Kf3 Rxb2 51. Nd4 Bxa3 52. Kf4 Bc5 53. Ne6 Rb4 54. Rxb4 Bxb4 55. Ke4 a4 56. Kd3 a3 57. Kc2 Kf7 58. Nf4 Bc5 59. Nd3 Kf6 60. Kb3 Kg5 61. Ne5 Kf4 0-1

[Event "6th Tulsi Lal Memorial NTCC 2080"]
[Site "Lalitpur"]
[Date "2024.01.11"]
[Round "6.5"]
[White "Bhandari, Kshitiz"]
[Black "Subedi, Rajan"]
[Result "1/2-1/2"]
[ECO "A30"]
[WhiteElo "2061"]
[BlackElo "1809"]
[Annotator "TA"]
[PlyCount "119"]
[EventDate "2024.01.03"]
[EventType "team-tourn"]
[EventCountry "NEP"]
[SourceTitle "playchess.com"]
[Source "ChessBase"]
[SourceQuality "1"]
[TimeControl "5400+30"]

1. c4 Nf6 2. Nc3 c5 3. Nf3 b6 4. g3 Bb7 5. Bg2 g6 6. O-O Bg7 7. Re1 O-O 8. e4 {[%emt 0:00:06] A30: Symmetrical English: Double Fianchetto and Hedgehog.} d6 9. d4 cxd4 10. Nxd4 {[%emt 0:00:02] White is slightly better.} Nbd7 11. b3 Rc8 12. Bb2 {[%emt 0:00:08] [#]} Qc7 $146 ({Predecessor:} 12... a6 13. Qd2 Rc7 14. h3 Qa8 15. Nd5 Nxd5 16. exd5 Nc5 17. Rad1 e5 18. Nc6 b5 {1-0 Ly,M (2480)-Willemze,T (2418) Amsterdam Batavia Grolsch blitz 8th 2016 (7)}) 13. Nd5 Qd8 14. Qd2 {[%emt 0:00:40] White has more active pieces.} Nc5 15. Rad1 Nfd7 (15... a6 $14) 16. f4 Re8 (16... e6 $2 17. Nc3 $18) 17. Bh3 (17. Ba1 $16) 17... Rb8 (17... e6 18. Nc3 Nf6 19. Bg2 $16) (17... a6 $1 $14) 18. b4 Na4 19. Ba1 a6 (19... e6 $16) 20. e5 $18 dxe5 (20... e6 $142) 21. Nb3 $2 (21. fxe5 $18 {e6 is the strong threat.} Nxe5 22. Rxe5 Bxe5 23. Nc6 Bxc6 24. Bxe5 Bxd5 25. Qh6) 21... e6 $11 22. Nc3 Nxc3 23. Bxc3 Bc6 24. Bg2 $36 {[%emt 0:08:21][%mdl 2048] White fights for an advantage.} Bxg2 (24... e4 $5 ) 25. Kxg2 Rb7 26. Bxe5 Bxe5 27. fxe5 (27. Rxe5 Qc7 28. Ree1 Qxc4 $17) 27... Qc7 28. Qd4 Rc8 ({Better is} 28... Qc6+ $11 29. Kg1 Qa4) 29. Nd2 $14 h5 {[%emt 0:00:53] [#]} ({Black should play} 29... Kg7 $14) 30. Ne4 $1 $18 Qc6 (30... Qxe5 $2 31. Qxe5 Nxe5 32. Nd6 $18) (30... Qxc4 $142 31. Qxc4 Rxc4) 31. Kh3 Nf8 32. Nd6 Rd7 (32... Rd8 $142 33. Qf4 Rbd7) 33. Nxc8 Qxc8 34. Qf4 (34. Qxb6 Rxd1 35. Rxd1 Qxc4 $16) 34... Nh7 35. Kg2 Kg7 (35... g5 $142 36. Qe4 g4) 36. Rd6 Rc7 37. Rf1 (37. Rxb6 Rxc4 38. Qe3 Rc3 $11) 37... g5 38. Qf3 g4 39. Qf4 a5 40. bxa5 (40. Rxb6 Qa8+ 41. Kg1 axb4 $18) (40. b5 $142) 40... Qa8+ 41. Kg1 Qxa5 42. h4 (42. Rf2 $18) 42... gxh3 43. Rd2 {[%emt 0:00:47] Chess con chili.} Qc5+ 44. Rdf2 Qxc4 (44... Nf8 $16 45. Qf6+ (45. Kh2 Ng6 $16) 45... Kg8) 45. Qxc4 Rxc4 46. Rxf7+ $16 {[%emt 0:00:05][%mdl 4096] Endgame KRR-KRN} Kg6 $2 (46... Kg8 {was called for.} 47. R1f2 Ng5) 47. Kh2 $2 ({White has to play} 47. Re7 $18) 47... Re4 {[%emt 0:00:17] [#]} (47... Rc5 $1 $14) 48. R7f2 (48. Kxh3 $2 {perishes.} Ng5+ 49. Kg2 Nxf7 $19) ({White must play} 48. R7f4 $1 $18 Rxe5 49. Kxh3) 48... Ng5 $14 49. Rb1 Rxe5 50. Rxb6 (50. a4 $1 $14 Ra5 51. Ra2 (51. Rxb6 Rxa4 52. Rb8 Kg7 $11)) 50... Re1 $1 $11 51. Rb8 Kg7 {[%emt 0:01:37] Against Rg8+} 52. a4 {[%emt 0:00:53] And now Rbb2 would win.} Ra1 53. Rb5 Kg6 54. a5 ({White should try} 54. Ra5 $14) 54... Ne4 {[%emt 0:00:21] The position is equal.} 55. Re2 (55. Rf8 $5 Ra2+ $8 56. Kxh3 Ng5+ 57. Rxg5+ Kxg5 58. Ra8 $11) 55... Ng5 {[%emt 0:00:37] ...Nf3+ would be deadly.} 56. Rf2 {[%emt 0:00:04] Wards off Nf3+} Ne4 57. Rf8 Ra2+ 58. Kxh3 {[%emt 0:00:11] Hoping for Rg8+.} Ng5+ 59. Rxg5+ $1 Kxg5 60. Rg8+ {[%emt 0:00:18] White really could win this.   Weighted Error Value: White=0.39/Black=0.34} 1/2-1/2

[Event "6th Tulsi Lal Memorial NTCC 2080"]
[Site "Lalitpur"]
[Date "2024.01.11"]
[Round "6.6"]
[White "Maharjan, Suroj"]
[Black "Chaudhary, Sushil"]
[Result "0-1"]
[ECO "E80"]
[WhiteElo "1832"]
[BlackElo "1769"]
[Annotator "NA RC COMBH"]
[PlyCount "94"]
[EventDate "2024.01.03"]
[EventType "team-tourn"]
[EventCountry "NEP"]
[SourceTitle "playchess.com"]
[Source "ChessBase"]
[SourceQuality "1"]
[TimeControl "5400+30"]

1. d4 Nf6 2. c4 g6 3. Nc3 Bg7 4. e4 d6 5. f3 a5 6. Be3 Nfd7 7. Qd2 e5 8. d5 Na6 9. O-O-O h5 10. h4 Ndc5 11. Kb1 f5 12. Bg5 Qd7 (12... Bf6 $11) 13. g3 Na4 14. Nb5 N6c5 15. Qc2 Qf7 ({Black should play} 15... O-O $1 $14) 16. Bh3 ({White should play} 16. b3 $16) 16... fxe4 17. Be6 {[%emt 0:00:52] Deflection} ({Don't take} 17. fxe4 Bxh3 18. Nxh3 O-O $16) 17... Nxe6 18. dxe6 (18. Qxa4 O-O $16) 18... Bxe6 19. Qxa4 $16 O-O 20. fxe4 Bxc4 21. Nc3 b5 22. Qc2 a4 23. Nge2 b4 24. Rdf1 Qxf1+ 25. Rxf1 Rxf1+ 26. Nc1 bxc3 27. Qxc3 Be6 28. Qc6 Raf8 29. Qxa4 Kh7 30. Qa7 d5 31. b4 dxe4 32. b5 Bc4 33. Qc5 Bd3+ 34. Kb2 R8f2+ 35. Kb3 Rc2 $19 36. Qe7 Rcxc1 37. Bxc1 Rxc1 38. Qg5 Rb1+ 39. Kc3 Rxb5 40. a4 Rc5+ 41. Kb4 Rc4+ 42. Kb3 e3 43. Qxe3 e4 44. Qf4 c5 45. a5 Rb4+ 46. Ka3 Bb2+ 47. Ka2 Bc4+ 0-1

[Event "6th Tulsi Lal Memorial NTCC 2080"]
[Site "Lalitpur"]
[Date "2024.01.11"]
[Round "6.7"]
[White "Subba, Shem"]
[Black "Thapa, Rishon"]
[Result "0-1"]
[ECO "E63"]
[WhiteElo "1658"]
[BlackElo "1738"]
[Annotator "NA RC COMBH"]
[PlyCount "78"]
[EventDate "2024.01.03"]
[EventType "team-tourn"]
[EventCountry "NEP"]
[SourceTitle "playchess.com"]
[Source "ChessBase"]
[SourceQuality "1"]
[TimeControl "5400+30"]

1. Nf3 Nf6 2. g3 g6 3. c4 Bg7 4. Bg2 O-O 5. O-O d6 6. d4 Nc6 7. Nc3 a6 8. b3 Rb8 9. Bb2 b5 10. cxb5 axb5 11. Re1 Re8 12. Rc1 Bd7 13. e3 e6 14. Re2 Nb4 15. a3 Na6 16. Nb1 Qe7 17. Rd2 Ne4 18. Rdc2 c5 19. Ne1 Bc6 20. Nd3 Qb7 21. f3 Ng5 22. Kf2 h5 23. dxc5 Bxb2 24. Rxb2 dxc5 25. h4 Nh7 26. Nxc5 Nxc5 27. Rxc5 Nf6 28. Qd6 Bd5 29. Rc7 Qa8 30. e4 Bxe4 31. fxe4 Rbd8 32. Qc6 Ng4+ 33. Ke2 Qa5 34. Qb7 b4 35. axb4 Qe5 36. Rc3 Qd4 37. Rd2 Qf2+ 38. Kd1 Rxd2+ 39. Nxd2 Rd8 0-1

[Event "6th Tulsi Lal Memorial NTCC 2080"]
[Site "Lalitpur"]
[Date "2024.01.11"]
[Round "6.8"]
[White "Demanraura, Ayush"]
[Black "Shah, Anup Jung"]
[Result "1/2-1/2"]
[ECO "D13"]
[WhiteElo "1410"]
[BlackElo "1513"]
[Annotator "NA RC COMBH"]
[PlyCount "53"]
[EventDate "2024.01.03"]
[EventType "team-tourn"]
[EventCountry "NEP"]
[SourceTitle "playchess.com"]
[Source "ChessBase"]
[SourceQuality "1"]
[TimeControl "5400+30"]

1. d4 d5 2. g3 e6 3. Bg2 Nf6 4. Nf3 c5 5. c3 Nc6 6. O-O cxd4 7. cxd4 Be7 8. Nc3 O-O 9. Bd2 a6 10. e3 Re8 11. a3 h6 12. Rc1 Na5 13. Ne5 Nd7 14. Nxd7 Bxd7 15. e4 Bc6 16. a4 Nc4 17. b3 Nxd2 18. Qxd2 Bb4 19. Qd3 Bxc3 20. Rxc3 Rc8 21. Rfc1 dxe4 22. Bxe4 Bxe4 23. Qxe4 Rxc3 24. Rxc3 Qd6 25. Re3 b5 26. axb5 axb5 27. Qe5 1/2-1/2